 Dungeon Crawl Stone Soup version 0.27-a0-520-gb83adbd1c9 (webtiles) character file.

Game seed: 16494684624229441878

6569 Morbidden the Timeless (level 10, -4/74 HPs)
             Began as a Demonspawn Brigand on Mar 4, 2021.
             Was a High Priest of Cheibriados.
             Killed from afar by a starcursed mass (11 damage)
             ... with an accursed screaming
             ... on level 2 of the Abyss.
             The game lasted 00:21:27 (10776 turns).

Morbidden the Timeless (Demonspawn Brigand)        Turns: 10776, Time: 00:21:27

Health: -4/74      AC: 16    Str: 22    XL:     10   Next: 70%
Magic:  16/16      EV: 13    Int: 28    God:    Cheibriados [*****.]
Gold:   501        SH: 17    Dex: 25    Spells: 9/9 levels left

rFire    . . .     SeeInvis .   a - +2 short sword (freeze)
rCold    . . .     Faith    .   D - +1 tower shield
rNeg     . . .     Spirit   .   C - +2 leather armour {Will+}
rPois    .         Reflect  .   r - +0 helmet
rElec    .         Harm     .   c - +0 cloak
rCorr    .         Rampage  .   (no gloves)
Will     +....                  (no boots)
Stlth    +++.......             n - amulet of the acrobat
HPRegen  0.22/turn              g - +4 ring of protection
MPRegen  0.15/turn              l - +4 ring of protection

@: mighty, very slow
A: hooves 2, thin metallic scales 1, deformed body, ignite blood 2
a: Renounce Religion, Bend Time, Temporal Distortion, Slouch, Step From Time


You were on level 2 of the Abyss.
You worshipped Cheibriados.
Cheibriados was extremely pleased with you.
You visited 2 branches of the dungeon, and saw 10 of its levels.
You visited the Abyss 1 time.
You also visited: Sewer.

You collected 501 gold pieces.

Inventory:

Hand Weapons
 a - a +2 short sword of freezing (weapon)
 b - a +3 hunting sling
 I - a +1 scimitar
Missiles
 d - 19 poisoned darts (quivered)
 e - 2 curare-tipped darts
 i - a throwing net
 x - 9 boomerangs
 J - 70 sling bullets
Armour
 c - a +0 cloak (worn)
 r - a +0 helmet (worn)
 C - a +2 leather armour of willpower (worn)
 D - a +1 tower shield (worn)
Jewellery
 g - a +4 ring of protection (left hand)
 l - a +4 ring of protection (right hand)
 n - an amulet of the acrobat (around neck)
 B - an amulet of magic regeneration
 L - a ring of flight
Wands
 s - a wand of iceblast (12)
 u - a wand of polymorph (16)
 y - a wand of paralysis (5)
Scrolls
 h - a scroll of magic mapping
 m - a scroll of identify
 F - 2 scrolls of amnesia
 G - 2 scrolls of fog
Potions
 f - 2 potions of heal wounds
 j - 2 potions of might
 k - 7 potions of curing
 p - 3 potions of magic
 q - 3 potions of lignification
 t - a potion of mutation {unknown}
 v - 2 potions of flight
 z - a potion of brilliance {unknown}
 A - a potion of attraction
 H - a potion of ambrosia


   Skills:
 * Level 5.3 Fighting
 + Level 5.7 Short Blades
 + Level 3.8(5.1) Slings
 + Level 5.1(5.7) Throwing
 + Level 3.3 Armour
 * Level 5.4 Dodging
 + Level 5.6 Stealth
 + Level 5.6 Shields
 * Level 8.9 Invocations
 + Level 0.3 Evocations


You had 9 spell levels left.
You didn't know any spells.
Your spell library contained the following spells:

 Spells                   Type           Power        Failure   Level
 Apportation              Tloc           0%           83%         1
 Lesser Beckoning         Tloc           0%           99%         3
 Tukima's Dance           Hex            0%           99%         3
 Alistair's Intoxication  Tmut/Pois      0%           100%        5
 Invisibility             Hex            0%           100%        6


Dungeon Overview and Level Annotations

Branches:
Dungeon (9/15)             Temple (1/1) D:4            Lair (0/6) D:8
    Orc (0/2) D:9           Sewer (visited)

Altars:
Ashenzari
Cheibriados
Dithmenos
Fedhas
Gozag
Kikubaaqudgha
Makhleb
Uskayaw
Vehumet

Shops:
D:6 ?   D:7 (   D:8 ?


Innate Abilities, Weirdness & Mutations

You have hoof-like feet.
You are partially covered in thin metallic scales. (AC +2)
Your demonic aura often causes spilled blood to erupt in flames Armour fits poorly on your strangely shaped body.


Message History

You puncture the starcursed mass! You freeze the starcursed mass.
You destroy the starcursed mass!
The rakshasa gestures at you. The lance of force hits you!
You are knocked back by the lance of force.
A thrashing horror comes into view. x2
Unknown command.
Okay, then.
It was a potion of magic.
Magic courses through your body.
The thrashing horror roars!
Okay, then.
Aiming: Iceblast
Press: ? - help, Shift-Dir - straight line The mass of ice explodes!
Something shouts, "Scamper away, thou simpering tardy-gaited cross-patch!"
A starcursed mass splits.
Unknown command.
Unknown command.
You block the thrashing horror's attack. x2
The thrashing horror tramples you but does no damage.
You block the thrashing horror's attack.
You puncture the thrashing horror! Your kick misses the thrashing horror.
The thrashing horror is lightly damaged.
The thrashing horror barely misses you.
You block the thrashing horror's attack.
A smoke demon comes into view.
Unknown command.
You puncture the thrashing horror! You freeze the thrashing horror.
You kick the thrashing horror!
The thrashing horror is heavily damaged.
You block the thrashing horror's attack.
The thrashing horror tramples you.
* * * LOW HITPOINT WARNING * * *
You stumble backwards!
The thrashing horror tramples you!
* * * LOW HITPOINT WARNING * * *
You hold your ground!
The thrashing horror tramples you!
* * * LOW HITPOINT WARNING * * *
You hold your ground!
A chorus of shrieks assaults your mind.
You die...

# # # # .. #.#
... .. .# . ..
## ### . ##. .#
' ###..#########
#....
...X.....@#
..##...X####.#X#
. . #......
X..#X# .#.....
###.#.# # #. .#
# #.#.. # #.# #
. ..3.# . # . .
..... # #.#.. #
...


You could see 3 starcursed masses, 2 thrashing horrors and a smoke demon.

Vanquished Creatures
  Joseph (D:8)
  A red devil (Abyss:2)
  A wyvern (D:8)
  2 yaks
  2 neqoxecs (Abyss:2)
  Edmund (D:5)
  2 large abominations (Abyss:2)
  An ice beast (D:9)
  5 orc warriors
  3 sky beasts
  4 black bears
  2 eyes of draining
  2 centaurs
  6 ogres
  4 phantoms
  2 kobold brigands
  3 bullfrogs
  3 scorpions
  4 killer bees (D:8)
  A water moccasin skeleton (D:9)
  5 wights (D:7)
  8 howler monkeys
  5 starcursed masses (Abyss:2)
  4 hounds
  2 jellies
  2 centaur skeletons
  3 orc priests
  A bullfrog skeleton (D:6)
  Ijyb (D:5)
  Jessica (D:2)
  6 worker ants
  9 orc wizards
  A hound zombie (D:9)
  A hound skeleton (D:3)
  A worker ant zombie (D:6)
  Robin (D:2)
  11 gnolls
  9 adders
  A river rat (Sewer)
  2 shadow imps
  A white imp (D:7)
  An ooze (D:7)
  An ufetubus (D:7)
  An adder skeleton (D:4)
  2 worms
  A dart slug (D:3)
  5 leopard geckos
  43 orcs
  2 giant cockroaches
  8 hobgoblins
  10 jackals
  3 quokkas
  A ball python (D:1)
  8 bats
  A frilled lizard (D:2)
  18 goblins
  A jackal skeleton (D:6)
  17 kobolds
  A leopard gecko zombie (D:6)
  12 rats
261 creatures vanquished.

Vanquished Creatures (others)
  4 fungi
  2 plants (D:8)
  6 toadstools (D:4)
12 creatures vanquished.

Grand Total: 273 creatures vanquished

Notes
Turn   | Place    | Note
-------+----------+-------------------------------------------
     0 | D:1      | Morbidden the Demonspawn Brigand began the quest for the
                  | Orb.
     0 | D:1      | Reached XP level 1. HP: 16/16 MP: 1/1
   494 | D:1      | Gained mutation: You have large cloven feet. [demonic
                  | ancestry]
   494 | D:1      | Reached XP level 2. HP: 21/22 MP: 2/2
   641 | D:2      | Noticed Jessica
   643 | D:2      | Killed Jessica
   644 | D:2      | Reached skill level 1 in Dodging
   644 | D:2      | Gained mutation: Your demonic aura sometimes causes spilled
                  | blood to erupt in flames [demonic ancestry]
   644 | D:2      | Reached XP level 3. HP: 27/27 MP: 3/3
   946 | D:2      | Noticed Robin
   967 | D:2      | Killed Robin
   968 | D:2      | Gained mutation: You have hoof-like feet. [demonic
                  | ancestry]
   968 | D:2      | Reached XP level 4. HP: 14/34 MP: 4/4
  2071 | D:3      | Reached XP level 5. HP: 39/39 MP: 5/5
  3012 | D:3      | Gained mutation: You are partially covered in thin metallic
                  | scales. (AC +2) [demonic ancestry]
  3012 | D:3      | Reached XP level 6. HP: 46/46 MP: 6/6
  3278 | D:4      | Reached skill level 5 in Stealth
  3739 | D:4      | Found a broken altar of Ashenzari.
  4376 | D:4      | Found a staircase to the Ecumenical Temple.
  4528 | Temple   | Entered the Ecumenical Temple
  4572 | Temple   | Became a worshipper of Cheibriados the Contemplative
  4648 | D:5      | Entered Level 5 of the Dungeon
  4648 | D:5      | Noticed Edmund
  4675 | D:5      | Noticed Ijyb
  4736 | D:5      | Killed Edmund
  4737 | D:5      | Reached skill level 1 in Invocations
  4737 | D:5      | Reached XP level 7. HP: 43/52 MP: 7/7
  4890 | D:5      | Found a glowing drain.
  4894 | Sewer    | Entered a sewer
  5006 | Sewer    | Reached skill level 1 in Shields
  5006 | Sewer    | Reached skill level 2 in Invocations
  5215 | D:5      | Paralysed by Ijyb for 3 turns
  5224 | D:5      | Paralysed by Ijyb for 4 turns
  5227 | D:5      | Killed Ijyb
  5227 | D:5      | Reached * piety under Cheibriados
  5372 | D:5      | Reached skill level 1 in Armour
  5416 | D:5      | Reached skill level 3 in Invocations
  5416 | D:5      | Reached XP level 8. HP: 56/58 MP: 10/10
  5842 | D:5      | Found a shadowy altar of Dithmenos.
  6172 | D:6      | Found Samuraf's Magic Scroll Emporium.
  6376 | D:6      | Reached skill level 4 in Invocations
  6906 | D:6      | Reached ** piety under Cheibriados
  7094 | D:6      | Reached skill level 5 in Invocations
  7094 | D:6      | Reached XP level 9. HP: 65/65 MP: 12/12
  7431 | D:7      | Reached skill level 1 in Slings
  8161 | D:7      | Reached *** piety under Cheibriados
  8392 | D:7      | Found Padox's Antique Weapon Shoppe.
  8402 | D:7      | Reached skill level 6 in Invocations
  8479 | D:7      | Reached skill level 5 in Short Blades
  8994 | D:8      | Found a staircase to the Lair.
  8994 | D:8      | Noticed Joseph
  9013 | D:8      | Killed Joseph
  9014 | D:8      | Reached skill level 5 in Shields
  9014 | D:8      | Reached skill level 7 in Invocations
  9014 | D:8      | Gained mutation: Your demonic aura often causes spilled
                  | blood to erupt in flames [demonic ancestry]
  9014 | D:8      | Reached XP level 10. HP: 50/73 MP: 15/15
  9107 | D:8      | Reached **** piety under Cheibriados
  9111 | D:8      | Reached skill level 5 in Throwing
  9575 | D:8      | Found Rismao Iriwe's Magic Scroll Shop.
  9968 | D:8      | Found a radiant altar of Vehumet.
  9968 | D:8      | Found a faded altar of an unknown god.
  9975 | D:8      | Found a blossoming altar of Fedhas.
  9977 | D:8      | Found a burning altar of Makhleb.
  9993 | D:8      | Found a faded altar of an unknown god.
 10096 | D:9      | Reached skill level 5 in Dodging
 10346 | D:9      | Found a staircase to the Orcish Mines.
 10531 | D:9      | Reached skill level 5 in Fighting
 10531 | D:9      | Reached skill level 8 in Invocations
 10536 | D:9      | Identified the ring "Soen" {Str+4 Int+5 SInv}
 10536 | D:9      | Noticed a centaur warrior
 10549 | D:9      | Cast into level 2 of the Abyss (centaur warrior)
 10554 | Abyss:2  | Found a corrupted altar of Lugonu.
 10598 | Abyss:2  | Gained mutation: Armour fits poorly on your strangely
                  | shaped body. [a neqoxec]
 10731 | Abyss:2  | Noticed a starcursed mass
 10750 | Abyss:2  | Paralysed by accursed screaming for 1 turns
 10758 | Abyss:2  | Killed a starcursed mass
 10758 | Abyss:2  | Reached ***** piety under Cheibriados
 10758 | Abyss:2  | Noticed a rakshasa
 10763 | Abyss:2  | Paralysed by accursed screaming for 1 turns
 10771 | Abyss:2  | Noticed a thrashing horror
 10771 | Abyss:2  | Noticed a thrashing horror
 10775 | Abyss:2  | Noticed a smoke demon
 10776 | Abyss:2  | Killed from afar by a starcursed mass

Illustrated notes

Levels and vault maps discovered:
D:1:      dpeg_arrival_castle, layout_loops_ring
D:2:      layout_loops_corners, uniq_robin, uniq_jessica
D:3:      layout_rooms, minmay_goblin_outpost
D:4:      layout_loops_ring, nicolae_ashenzari_panopticon,
          minmay_temple_entry_fiery, minmay_gold_behind_fungi
D:5:      layout_cave_pools, gup_sewer_entry_spiral, grunt_dithmenos_shadows,
          uniq_ijyb, uniq_edmund
D:6:      layout_basic, serial_shops, shop
D:7:      layout_basic, serial_shops, nicolae_shop_overgrown_old_shop
D:8:      layout_rooms, chequers_temple_overflow_minitemple, david_lair_generic,
          serial_shops, nicolae_shop_behind_doors, minmay_misc_feat_tower,
          uniq_joseph
D:9:      layout_loops_ring, orc_0_dummy, minivault_11, minmay_pinched_square
Temple:   dpeg_five_rooms_temple
Abyss:2:  base:
D:7

Skill      XL: |  1  2  3  4  5  6  7  8  9 10 |
---------------+-------------------------------+-----
Short Blades   | 2 3 4 5 |  5.7
Throwing       | 2 3 4 5 |  5.1
Dodging        | 1 2 3 4 5 |  5.4
Stealth        | 4 5 |  5.6
Fighting       | 3 4 5 |  5.3
Invocations    | 1 3 5 7 8 |  8.9
Shields        | 1 3 5 |  5.6
Armour         | 1 2 3 |  3.3
Slings         | 3 |  3.8
Evocations     | |  0.3

Action                   |  1- 3 |  4- 6 |  7- 9 | 10-12 || total
-------------------------+-------+-------+-------+-------++-------
Melee: Dagger            |    78 |   260 |   413 |       ||   751
       Kick              |     8 |    58 |   167 |    92 ||   325
       Short sword       |       |       |    87 |   196 ||   283
 Fire: Hunting sling     |       |       |    69 |    31 ||   100
Throw: Dart              |    19 |    93 |    40 |     8 ||   160
       Boomerang         |       |     5 |       |       ||     5
Evoke: Wand              |       |       |       |     6 ||     6
  Use: Scroll            |       |     6 |       |    10 ||    16
       Potion            |       |       |       |     7 ||     7
 Stab: Sleeping          |     3 |     5 |     9 |     1 ||    18
Armor: Robe              |    29 |    97 |       |       ||   126
       Leather armour    |       |     3 |   222 |    58 ||   283
       Skin              |       |       |       |     2 ||     2
Dodge: Dodged            |    57 |   157 |   168 |    48 ||   430
Block: Tower shield      |       |     6 |   394 |   144 ||   544

Table legend: (Time is in decaauts)
 A = Elapsed time spent in this place.
 B = Non-inter-level travel time spent in this place.
 C = Inter-level travel time spent in this place.
 D = Time resting spent in this place.
 E = Time spent auto-exploring this place.
 F = Levels seen in this place.
 G = Mean time per level.
                   A        B        C        D        E       F      G
               +--------+--------+--------+--------+--------+-----+--------+
         Total |  12844 |  12309 |    535 |    398 |   8723 |  12 | 1070.3 |
       Dungeon |  12024 |  11530 |    494 |    398 |   8438 |   9 | 1336.0 |
        Temple |     86 |     46 |     40 |      0 |     38 |   1 |   86.0 |
         Abyss |    338 |    338 |      0 |      0 |      2 |   1 |  338.0 |
         Sewer |    394 |    394 |      0 |      0 |    245 |   1 |  394.0 |
               +--------+--------+--------+--------+--------+-----+--------+

Top non-repeatable levels by time:
     D:7: 2227 daAuts
     D:6: 1675 daAuts
     D:8: 1601 daAuts
     D:2: 1393 daAuts
     D:5: 1317 daAuts
     D:4: 1291 daAuts
     D:3: 1227 daAuts
     D:9: 647 daAuts
     D:1: 643 daAuts
   Sewer: 394 daAuts
 Abyss:2: 338 daAuts
  Temple: 86 daAuts
